 Dungeon Crawl Stone Soup version 0.23-a0-183-gf37f6fb (webtiles) character file.

28 Felrender the Shield-Bearer (level 2, -3/27 HPs)
             Began as a Minotaur Fighter on Sept 22, 2018.
             Killed from afar by a leopard gecko (30 damage)
             ... with an exploding inner flame
             ... hexed by the player character
             ... on level 2 of the Dungeon.
             The game lasted 00:01:42 (747 turns).

Felrender the Shield-Bearer (Minotaur Fighter)       Turns: 747, Time: 00:01:46

Health: -3/27      AC:  7    Str: 20    XL:     2   Next: 96%
Magic:  1/1        EV:  7    Int:  5    God:
Gold:   49         SH:  9    Dex:  9    Spells: 1/1 levels left

rFire    . . .     SeeInvis .   a - +0 war axe
rCold    . . .     Gourm    .   c - +0 shield
rNeg     . . .     Faith    .   b - +0 scale mail
rPois    .         Spirit   .   (helmet restricted)
rElec    .         Reflect  .   (no cloak)
rCorr    .         Harm     .   (no gloves)
MR       .....                  (no boots)
Stlth    ..........             (no amulet)
HPRegen  0.09/turn              (no ring)
MPRegen  0.07/turn              (no ring)

@: no status effects
A: retaliatory headbutt, horns 2
a: no special abilities


You were on level 2 of the Dungeon.
You were not hungry.

You visited 1 branch of the dungeon, and saw 2 of its levels.

You collected 49 gold pieces.

Inventory:

Hand Weapons
 a - a +0 war axe (weapon)
Armour
 b - a +0 scale mail (worn)
 c - a +0 shield (worn)
Scrolls
 l - a scroll of enchant weapon {unknown}
 m - a scroll of magic mapping {unknown}
Potions
 d - a potion of might
 e - 2 potions of heal wounds {unknown}
 i - a potion of curing {unknown}
 k - a potion of invisibility {unknown}
Comestibles
 f - 2 rations
 j - 3 chunks of flesh


   Skills:
 + Level 3.9 Fighting
 + Level 2.7 Axes
 + Level 4.0 Armour
 + Level 4.1 Shields
 * Level 0.5 Unarmed Combat


You had one spell level left.
You didn't know any spells.
Your spell library was empty.

Dungeon Overview and Level Annotations

Branches:
Dungeon (2/15)

Altars:


Innate Abilities, Weirdness & Mutations

You reflexively headbutt those who attack you in melee.
You have a pair of horns on your head.


Message History

Found a stone staircase leading up.
A frilled lizard is nearby!
A leopard gecko comes into view.
You see here a scroll labeled BAHOPP YLEIWN.
m - a scroll labeled BAHOPP YLEIWN
As you read the scroll labeled DOETZIE FAJOESM, it crumbles to dust.
The creatures around you are filled with an inner flame!
It was a scroll of immolation.
As you read the scroll labeled ICOQUU WANUZ, it crumbles to dust.
You assume a fearsome visage.
The frilled lizard looks frightened!
It was a scroll of fear.
You closely miss the leopard gecko.
The leopard gecko bites you but does no damage.
You closely miss the leopard gecko. Your headbutt misses the leopard gecko.
The leopard gecko completely misses you.
You furiously retaliate!
You headbutt the leopard gecko!
The leopard gecko explodes!
The fiery explosion engulfs you!
Ouch! That really hurt!
You die...

##.# ..
#.##..# ...
#.##.## ..<.
#.##.####
.l###.......#
...#.......#
#.§§§.....#
..#§.§.....#
# #.@......#
##......)#
#.......#
#.......#
#.......#
#.####### #.#
... #..


You could see a frilled lizard (inner flame).

Vanquished Creatures
  A dart slug (D:1)
  A leopard gecko (D:1)
  A ball python (D:1)
  A giant cockroach (D:1)
  A goblin (D:1)
  5 hobgoblins (D:1)
  4 jackals (D:1)
  2 bats (D:1)
  3 frilled lizards (D:1)
  4 rats
23 creatures vanquished.

Notes
Turn   | Place    | Note
-------+----------+-------------------------------------------
     0 | D:1      | Felrender the Minotaur Fighter began the quest for the Orb.
     0 | D:1      | Reached XP level 1. HP: 19/19 MP: 0/0
   121 | D:1      | Reached XP level 2. HP: 27/27 MP: 1/1
   747 | D:2      | Killed from afar by a leopard gecko

Vault maps used:
D:1:      tarquinn_simple_flora_water_b
D:2:      minmay_tall_x, uniq_terence, uniq_crazy_yiuf_cottage

Skill      XL: |  1  2 |
---------------+-------+-----
Shields        | 4 |  4.1
Armour         | 4 |  4.0
Fighting       | |  3.9
Axes           | |  2.7
Unarmed Combat | |  0.5

Action                   || total
-------------------------++-------
Melee: War axe           ||    50
       Headbutt          ||     4
  Use: Scroll            ||     3
Armor: Scale mail        ||    36
Dodge: Dodged            ||    11
Block: Shield            ||    26

Table legend:
 A = Non-vault XP
 B = Vault XP
 C = Vault XP percentage of total XP
 D = Non-vault monster count
 E = Vault monster count
 F = Vault count percentage of total count
                 A         B        C        D         E       F
            +---------+---------+-------+---------+---------+-------
      Total |      40 |       0 |   0.0 |      23 |       0 |   0.0
            +---------+---------+-------+---------+---------+-------
        D:1 |      38 |       0 |   0.0 |      21 |       0 |   0.0
        D:2 |       2 |       0 |   0.0 |       2 |       0 |   0.0
            +---------+---------+-------+---------+---------+-------
